[Event "1st Henriquez Urena Memorial 2022"]
[Site "Santo Domingo"]
[Date "2022.09.17"]
[Round "2.7"]
[White "Subervi, Jonathan Sigfredo"]
[Black "Dominguez, Jose Manuel"]
[Result "1-0"]
[ECO "B07"]
[WhiteElo "2124"]
[BlackElo "2180"]
[Annotator "TA"]
[PlyCount "57"]
[EventDate "2022.09.16"]
[EventType "swiss"]
[EventCountry "DOM"]
[SourceTitle "playchess.com"]
[Source "ChessBase"]
[SourceQuality "1"]
[TimeControl "5400+30"]

1. e4 d6 2. d4 Nf6 3. Nc3 c6 4. Bg5 Qa5 5. Qd2 Nbd7 6. f4 e5 7. Nf3 {[%emt 0:00:38] B07: Pirc Defence: Miscellaneous Systems.} Be7 {[%emt 0:00:55] [#]} 8. Rb1 $146 (8. a3 $14) ({Predecessor:} 8. g3 h6 9. Bh4 b5 10. Bd3 Bb7 11. dxe5 dxe5 12. fxe5 Nxe5 13. Nxe5 g5 14. Nf3 b4 {1-0 (26) Kovalev,V (2629)-Saveljev,V (2360) Minsk 2017}) 8... h6 $15 9. Bh4 {[%emt 0:00:59] Black is slightly better.} exf4 10. Bxf6 Nxf6 ({Of course not} 10... Bxf6 11. Qxf4 O-O 12. Bd3 $11 (12. Qxd6 c5 $11)) 11. Qxf4 d5 12. Nd2 Nxe4 13. Ndxe4 dxe4 14. Bc4 (14. Be2 $17) 14... Qf5 (14... f5 $1 $19 {has better winning chances.} 15. Rd1 Bd7) 15. Qc7 {[%emt 0:00:26] Threatens to win with Rf1.} Bh4+ 16. g3 {[%emt 0:00:11] [#] And now Rf1 would win.} Bd8 $1 17. Qd6 {[%emt 0:00:14] Strongly threatening Rf1.} Be7 18. Qc7 {[%emt 0:00:06] Rf1 is the strong threat.} Qg5 ({Black should play} 18... Qg6 $17 {Threatening ...Rf8.} 19. O-O Rf8) 19. O-O $36 {[%emt 0:01:29][%mdl 2048] White has some pressure.} O-O {[%emt 0:00:22] White should prevent ...Bf6.} 20. Rbe1 {[%emt 0:00:22] [#]} (20. Kh1 $11 Be6 21. Bxe6 fxe6 22. Qxb7) 20... Bh3 $2 {[%emt 0:00:44][%mdl 8192] Black cannot hold the game after this.} (20... Bf6 $1 $17 {stays on course. White must now prevent ...Qd2.} 21. Kh1 Qg6 22. Nxe4 Bxd4) 21. Nxe4 $18 Qh5 (21... Qg4 {might work better.} 22. Qxe7 Bxf1 23. Rxf1 Kh8) 22. Qxe7 Rae8 {[%emt 0:00:30] [#]} (22... Bxf1 $142 23. Rxf1 b5) 23. Bxf7+ $1 Kh8 (23... Qxf7 24. Rxf7) 24. Bxe8 Rxe8 25. Rf8+ Rxf8 26. Qxf8+ Kh7 {[%emt 0:00:30] [#]} 27. Nf6+ $1 {[%emt 0:00:30] White mates.} gxf6 28. Re7+ Kg6 29. Qe8+ {[%emt 0:00:30] Weighted Error Value: White=0.20 (precise) /Black=0.78} 1-0

[Event "1st Henriquez Urena Memorial 2022"]
[Site "Santo Domingo"]
[Date "2022.09.17"]
[Round "2.8"]
[White "Arvelo Leo, Gian Carlo"]
[Black "Martinez Castillo, Julio Antonio"]
[Result "0-1"]
[ECO "D34"]
[WhiteElo "2174"]
[BlackElo "2122"]
[Annotator "TA"]
[PlyCount "118"]
[EventDate "2022.09.16"]
[EventType "swiss"]
[EventCountry "DOM"]
[SourceTitle "playchess.com"]
[Source "ChessBase"]
[SourceQuality "1"]
[TimeControl "5400+30"]

1. Nf3 d5 2. d4 e6 3. g3 Nf6 4. Bg2 c5 5. O-O Nc6 6. c4 Be7 7. cxd5 exd5 8. Nc3 O-O 9. b3 {[%emt 0:02:52] 9.dxc5 gains popularity.} Qa5 {[%emt 0:09:01] D34: Tarrasch Defence: 6 g3 Nf6 7 Bg2 Be7.} 10. Bb2 Rd8 11. dxc5 Bxc5 {[%emt 0:01:36] White has an edge.} 12. Na4 (12. a3 {keeps more tension.} Ne4 13. b4 Qb6 14. e3) 12... Be7 {[%emt 0:01:36] [#]} 13. Rc1 $146 ({Predecessor:} 13. Nd4 Bd7 14. Rc1 Rac8 15. Nxc6 Bxc6 16. Bc3 Qc7 17. Bd4 Qb8 18. Bh3 Bd7 19. Bxd7 Rxc1 20. Qxc1 Rxd7 {½-½ (43) Matnadze,A (2283)-Kalevic,S (2354) Tbilisi 1999}) 13... Bf5 (13... Ne4 {looks sharper.} 14. Ne5 Nxe5 15. Bxe5 Re8) 14. a3 Qa6 (14... Ne4 {with more complications.} 15. e3 Qa6 16. b4 Bg4) 15. Nc5 Qb6 16. b4 a5 $2 (16... Ne4 $11 {and Black stays safe.} 17. Nb3 Bg6) 17. Nd4 $2 (17. Na4 $18 Qa6 18. b5 Qxb5 19. Rxc6 $1 Qxc6 20. Nd4) 17... Nxd4 $14 18. Bxd4 (18. Qxd4 $14 axb4 19. axb4) 18... axb4 $11 {[%emt 0:02:00] [#]} 19. Nd7 $1 Qa6 (19... Qe6 20. Nxf6+) 20. Nb6 bxa3 21. Qb3 ({Better is} 21. Nxa8 $15 Rxa8 22. Qb3) 21... Be6 (21... Qxe2 22. Nxa8 Rxa8 23. Qxb7 $18) (21... Rab8 $19 {And now ...Ne4 would win.} 22. e3 Ne4 23. Nxd5 Bf8) 22. Nxa8 $15 Qxa8 (22... Rxa8 $15 23. Rc7 Bd6) 23. Rc7 $14 Bd6 24. Rxb7 {[%emt 0:00:31] Strongly threatening Bxf6.} Ne4 25. Rd1 {[%emt 0:00:44] Prevents Nd2.} Nc5 26. Bxc5 Bxc5 27. Rb5 (27. Bxd5 $2 a2 28. e4 a1=Q $19) 27... Qa7 28. e3 (28. Rb7 $1 $11 Qa5 29. Rb5) 28... a2 (28... d4 $1 $17 29. Qc2 a2 $1) 29. Qc3 (29. Rxc5 $11 {and White is okay.} a1=Q 30. Rxa1 Qxa1+ 31. Bf1) 29... Ra8 $2 30. Rxc5 (30. Ra1 $1 $14 Rc8 31. Qb3 (31. Ra5 Qb6 $11)) 30... a1=Q $11 31. Rxa1 Qxa1+ 32. Qc1 Qe5 {[%emt 0:03:10] Hoping for ...Ra1.} 33. Rc3 ({Don't go for} 33. Bxd5 $2 Ra1 34. Bxe6 Rxc1+ 35. Rxc1 fxe6 $19) 33... g6 34. h3 Ra2 35. Bf1 Qf6 36. Qe1 {[%emt 0:00:28] [#]} (36. f4 $1 $11) 36... Rxf2 $1 $17 {[%emt 0:01:19] Black is much more active.} 37. Qxf2 Qxc3 {[%emt 0:00:02][%mdl 4096] Endgame KQB-KQB} 38. Qf4 Kg7 39. Bg2 Qf6 40. Qd6 Qg5 (40... g5 {is more complex.} 41. Qb4 Qa1+ 42. Kf2 Qe5) 41. Qf4 Qxf4 42. exf4 {[%emt 0:00:27] KB-KB} d4 43. Kf2 Kf6 44. g4 $2 (44. h4 $17) 44... g5 $19 45. Be4 $2 (45. Kg3) 45... gxf4 46. Bxh7 {[%emt 0:00:13] [#]} Kg5 $1 47. Kf3 Bd5+ 48. Be4 Bxe4+ {[%emt 0:00:12] Black mates.} 49. Kxe4 d3 50. Kxd3 {[%emt 0:00:08] [#] KPP-KPP} Kh4 $1 51. Ke2 Kg3 ({Not} 51... Kxh3 52. Kf3 $11) 52. Kf1 Kxh3 {[%emt 0:00:00] KPP-KP} 53. g5 Kg4 54. Kf2 Kxg5 55. Kf3 Kf5 56. Kf2 Ke4 57. Ke2 f3+ 58. Kf2 Kf4 59. Kf1 Ke3 {[%emt 0:00:00] Weighted Error Value: White=0.66/Black=0.31} 0-1

[Event "1st Henriquez Urena Memorial 2022"]
[Site "Santo Domingo"]
[Date "2022.09.17"]
[Round "2.9"]
[White "Orizondo, Hugo"]
[Black "Crispin Ferreras, Darvi Abraham"]
[Result "1-0"]
[ECO "E15"]
[WhiteElo "2034"]
[BlackElo "2160"]
[Annotator "TA"]
[PlyCount "95"]
[EventDate "2022.09.16"]
[EventType "swiss"]
[EventCountry "DOM"]
[SourceTitle "playchess.com"]
[Source "ChessBase"]
[SourceQuality "1"]
[TimeControl "5400+30"]

1. d4 Nf6 2. c4 e6 3. Nf3 b6 4. g3 Ba6 5. b3 Bb4+ 6. Bd2 Be7 7. Nc3 Bb7 {[%emt 0:00:17] 7...d5 is the modern continuation.} 8. Bg2 d5 {[%emt 0:01:02] E15: Queen's Indian: 4 g3 sidelines, 4 g3 Ba6 and 4 g3 Bb7 early deviations.} 9. cxd5 Nxd5 10. O-O O-O {[%emt 0:04:46] White has an edge.} 11. Re1 {[%emt 0:08:53] [#]} Nxc3 $146 ({Predecessor:} 11... c5 12. Nxd5 Bxd5 13. Bc3 Nd7 14. Rc1 Rc8 15. Bb2 cxd4 16. Qxd4 Bf6 17. Qd2 Bxb2 18. Qxb2 {0-1 (61) Aseeva,A (1983)-Kruzhilin,A (2059) Saratov 2014}) 12. Bxc3 Be4 {[%emt 0:00:02] Against Qc2} 13. Nd2 Bxg2 14. Kxg2 Na6 15. Nf3 c5 16. e4 (16. Qd3 $5 cxd4 17. Bxd4 $11 (17. Qxd4 Qxd4 18. Nxd4 Rfc8 $11)) 16... cxd4 17. Nxd4 Rc8 18. Nb5 Rc5 19. Qe2 Qd7 (19... Nc7 $1 $11 {feels stronger.} 20. Rad1 Qb8 21. Nxc7 (21. Qg4 $2 Rg5 $19) 21... Qxc7) 20. a4 $1 $14 (20. Qg4 $2 Rg5 21. Rad1 Qxb5 $19) 20... Rfc8 21. Rad1 Qb7 22. Bd4 (22. Qf3 {feels hotter.} Nb8 23. Re3 Nd7 24. Red3) 22... R5c6 23. Qg4 Bf8 24. Kg1 Nc5 25. Be5 {[%emt 0:00:35] Threatens to win with Nd4.} Nd7 26. Ba1 a6 {[%emt 0:02:31] [#]} (26... Nc5 $11 {is more appropriate.}) 27. Nd6 $1 Rxd6 28. Rxd6 {[%emt 0:00:02] Strongly threatening Rdd1.} h5 29. Qd1 (29. Qg5 $14 f6 {[#]} 30. Rxd7 $1 Qxd7 31. Bxf6 (31. Qxh5 Rd8 $11)) 29... Bxd6 $11 30. Qxd6 Rc6 (30... Nc5 $11) 31. Qe7 $14 Qc7 (31... Rc8 $14) 32. Qg5 {[%emt 0:00:47] White is much more active.} (32. Bb2 $16) 32... e5 (32... f6 $5 33. Qxh5 Rc1 $11) 33. Rd1 $40 {[%emt 0:03:58][%mdl 128] White is up to no good.} Rd6 34. Qxh5 Nf6 35. Qe2 Rxd1+ 36. Qxd1 Nxe4 $11 {[%emt 0:00:02][%mdl 4096] Endgame KQB-KQN} 37. Kg2 Nc5 38. Qd5 Nd7 (38... Qd7 $1 $11 39. Qxd7 (39. Qxe5 f6 $11) 39... Nxd7) 39. h4 $14 a5 40. Bb2 Kf8 (40... g6 $1 $14) 41. Ba3+ ({Better is} 41. h5 $16) 41... Nc5 $2 {[%emt 0:00:22][%mdl 8192] A mistake that costs the game.} (41... Kg8 $1 $14) 42. b4 $18 axb4 43. Bxb4 Ke8 44. a5 Nd7 45. Bd6 (45. a6 $142 Qa7 46. Qd6 Qa8+ 47. Kg1) 45... Qa7 {[%emt 0:00:52] Against Qa8+} (45... Qc8 46. Bxe5 Kf8 47. axb6 Nxe5) 46. Qc6 {[%emt 0:01:13][%cal Rc6c8] White is clearly winning.} Kd8 {[%emt 0:00:21] Prevents Qc8+.} 47. axb6 Qxb6 48. Qa8+ {[%emt 0:06:58] Weighted Error Value: White=0.21 (precise) /Black=0.35} 1-0

[Event "1st Henriquez Urena Memorial 2022"]
[Site "Santo Domingo"]
[Date "2022.09.17"]
[Round "2.10"]
[White "Lugo Matos, Richards Reynier"]
[Black "Ferreira Fernandez, Sergio"]
[Result "0-1"]
[ECO "B07"]
[WhiteElo "2157"]
[BlackElo "2119"]
[Annotator "TA"]
[PlyCount "106"]
[EventDate "2022.09.16"]
[EventType "swiss"]
[EventCountry "DOM"]
[SourceTitle "playchess.com"]
[Source "ChessBase"]
[SourceQuality "1"]
[TimeControl "5400+30"]

1. e4 g6 2. d4 Bg7 3. Nc3 d6 4. Bg5 h6 5. Be3 Nf6 6. f3 c6 {[%emt 0:00:02] B07: Pirc Defence: Miscellaneous Systems.} 7. Qd2 b5 8. Nge2 Nbd7 {[%emt 0:04:43] The position is equal.} 9. g4 Nb6 10. Ng3 h5 11. g5 Nfd7 12. b3 a5 {[%emt 0:22:12] [#]} 13. Bd3 $146 (13. h4 $11) ({Predecessor:} 13. h4 O-O 14. Bg2 a4 15. O-O b4 16. Nce2 c5 17. Rad1 Qc7 18. f4 axb3 19. axb3 Ra2 20. f5 {½-½ (33) Wang,Z (2525)-Tkachiev,V (2605) Kuala Lumpur 1993}) 13... b4 $17 14. Nd1 c5 15. Ne2 Ba6 16. Bxa6 Rxa6 17. a4 c4 18. O-O Ra8 (18... d5 $15) 19. Nf2 (19. f4 $11) 19... Rc8 (19... d5 $15) 20. Rac1 ({Better is} 20. f4 $11) 20... d5 $15 21. Nf4 e6 22. Kh1 O-O 23. N2h3 cxb3 (23... Qc7 $17 {Black wants to play ...dxe4.} 24. Ne2 e5) 24. cxb3 $11 Rxc1 25. Rxc1 dxe4 26. fxe4 Qa8 27. Nf2 Rc8 28. N4d3 Rc6 29. Nc5 Rd6 30. Kg1 {[%emt 0:07:13] [#]} (30. Rc2 $15) 30... Bxd4 $1 31. Bxd4 {[%emt 0:01:23] aiming for Nxd7.} e5 32. Nxd7 Rxd7 {[%emt 0:00:56][%mdl 64] Pin} 33. Qe2 Rxd4 $17 34. Qb5 (34. h4 $15) 34... Nd7 {[%emt 0:00:40] And now ...Rd2 would win.} 35. Rc7 $2 (35. Qc6 $17 {was called for.} Qxc6 36. Rxc6) 35... Qd8 $1 $19 36. Qxa5 Qxg5+ 37. Kf1 Qf4 $2 (37... Rd2 38. Rc8+ Nf8 39. Qc5 $17 (39. Qxb4 $2 Rxf2+ 40. Kxf2 Qh4+ 41. Ke3 Qh3+ 42. Kd2 Qxc8 $19)) ({Black should play} 37... Nf8 $19 38. Qc5 Kg7) 38. Rc8+ $11 Kg7 (38... Nf8 $5 39. Qc5 $8 Rd1+ 40. Ke2 (40. Kg2 Qg5+ 41. Kf3 Rd8 $17) 40... Qd2+ 41. Kf3 Qf4+ 42. Ke2 (42. Kg2 Qg5+ 43. Kf3 Rd8 $17) 42... Qd2+ 43. Kf3 Qf4+ 44. Ke2 $11 (44. Kg2 Qg5+ 45. Kf3 Rd8 $17)) 39. Qd8 Kh6 {[%emt 0:00:01] ( -> ...Rd2)} 40. h4 Qf6 $40 {[%emt 0:01:15][%mdl 128] Black attacks.} 41. Qe8 $2 (41. Qxf6 $11 Nxf6 42. a5) 41... Rd2 ({Weaker is} 41... Qxh4 42. Qxf7 (42. Rc7 $2 Rd2 $19) 42... Rd6 43. Rc2 $17 (43. Rh8+ Kg5 $17)) (41... Rd1+ $1 $19 42. Kg2 Rd2 43. Qh8+ Qxh8 44. Rxh8+ Kg7) 42. Qh8+ $15 Qxh8 {[%emt 0:00:00] Chess con chili.} 43. Rxh8+ {[%emt 0:00:01][%mdl 4096] Endgame KRN-KRN} Kg7 {[%emt 0:00:01] Black is more active.} 44. Rc8 Rb2 45. a5 $2 (45. Rc7 $17 {was forced.} Nf6 46. Nd3 Rb1+ 47. Ke2) 45... Rxb3 $19 46. Rc7 Nf6 47. a6 Ra3 48. a7 b3 49. Nd3 (49. Rb7 $142) 49... Nxe4 {[%emt 0:00:06] Black is clearly winning.} 50. Nxe5 (50. Ke2 $142) 50... b2 51. Rxf7+ Kg8 52. Rb7 b1=Q+ (52... b1=R+ $142 53. Rxb1 Nd2+ 54. Kf2 Nxb1 55. Nxg6 Kg7) 53. Rxb1 Nd2+ {[%emt 0:03:07] Weighted Error Value: White=0.72/Black=0.48} 0-1

[Event "1st Henriquez Urena Memorial 2022"]
[Site "Santo Domingo"]
[Date "2022.09.18"]
[Round "3.1"]
[White "Quezada Perez, Yasser"]
[Black "Ramirez, Alejandro"]
[Result "1/2-1/2"]
[ECO "C07"]
[WhiteElo "2580"]
[BlackElo "2561"]
[Annotator "TA"]
[PlyCount "48"]
[EventDate "2022.09.16"]
[EventType "swiss"]
[EventCountry "DOM"]
[SourceTitle "playchess.com"]
[Source "ChessBase"]
[SourceQuality "1"]
[TimeControl "5400+30"]

1. e4 e6 2. d4 d5 3. Nd2 c5 4. Ngf3 cxd4 5. Nxd4 Nf6 6. Bd3 e5 7. N4f3 {[%emt 0:06:19] BESTDEEP} dxe4 {[%emt 0:01:02] CPLX 2.1. C07: French Tarrasch: 3...c5, 4 Ngf3 and 4 exd5 Qxd5.} 8. Nxe4 {[%emt 0:00:06] RECAPT} Nxe4 {[%emt 0:00:06] RECAPT} 9. Bxe4 {[%emt 0:00:04] RECAPT} Qxd1+ {[%emt 0:00:33] CPLX 3.1} 10. Kxd1 {[%emt 0:00:01] LEGAL} Nd7 {[%emt 0:01:35] CPLX 2.0 9 (f7-f6) (=2)} 11. Re1 {[%emt 0:02:12] CPLX 2.0 20 (Be4-d5) (=4)} f6 {[%emt 0:01:48] BESTDEEP} 12. Be3 {[%emt 0:11:19] CPLX 2.0 13 (c2-c3) (=6)} Nc5 {[#] CPLX 2.0} 13. Bxc5 $146 {[%emt 0:00:06] CPLX 2.3 13 (Nf3-d2) (=7)} ({Predecessor:} 13. Bd5 Bg4 14. h3 Bh5 15. Kc1 O-O-O 16. Rd1 Kc7 17. a4 e4 18. g4 Bg6 19. Nh4 {½-½ (25) Meijers,V (2465)-Kurajica,B (2541) El Sauzal 2004}) 13... Bxc5 {[%emt 0:05:15] RECAPT} 14. Ke2 {[%emt 0:00:06] CPLX 2.0 5 (Re1-e2) (=6)} Be6 {[%emt 0:04:27] CPLX 2.0 20 (Bc8-d7) (=4)} 15. Red1 {[%emt 0:00:29] BESTDEEP} ({Of course not} 15. Bxb7 Bc4+ 16. Kd2 Rb8 $17) 15... Ke7 {[%emt 1:06:25] BESTDEEP} 16. Rd2 {[%emt 1:13:24] CPLX 2.2 13 (c2-c3) (=6)} Rad8 {[%emt 0:00:30] BESTDEEP} 17. Rad1 {[%emt 0:00:00] BESTDEEP} Rxd2+ {CPLX 3.0} (17... Bxa2 18. b3 $14) 18. Rxd2 {RECAPT} Bc4+ {[%emt 0:01:00] CPLX 2.0 7 (g7-g5) (=3)} ({Don't play} 18... Bxa2 19. b3 $11) 19. Bd3 {[%emt 0:01:30] BESTDEEP} Bd5 {[%emt 0:00:00] [#] Threatens to win with ...e4. CPLX 2.3 17 (Bc4-f7) (=4)} 20. Bf5 {CPLX 2.2 9 (Nf3-h4) (=5)} Bc6 {[%emt 0:01:00] A strong pair of Bishops. BESTDEEP} 21. Nh4 {[%emt 0:01:00][%cal Of5g6] BESTDEEP} b6 {[%emt 0:00:30] CPLX 2.1 15 (g7-g5) (=5)} 22. c3 {[%emt 0:00:30] CPLX 2.1} g5 {[%emt 0:00:00] CPLX 2.2 13 (Ke7-e8) (=5)} 23. Nf3 {[%emt 0:00:30] CPLX 2.3} h6 {[%emt 0:01:00] CPLX 2.3 20 (h7-h5) (=6)} 24. Ne1 {[%emt 0:00:00] BESTDEEP} Bb5+ {[%emt 0:00:30] Weighted Error Value: White=0.04 (flawless) /Black=0.06 (flawless)} 1/2-1/2

[Event "1st Henriquez Urena Memorial 2022"]
[Site "Santo Domingo"]
[Date "2022.09.18"]
[Round "3.2"]
[White "Cuenca Jimenez, Jose Fernando"]
[Black "Leon Hoyos, Manuel"]
[Result "1-0"]
[ECO "A59"]
[WhiteElo "2553"]
[BlackElo "2491"]
[Annotator "TA"]
[PlyCount "97"]
[EventDate "2022.09.16"]
[EventType "swiss"]
[EventCountry "DOM"]
[SourceTitle "playchess.com"]
[Source "ChessBase"]
[SourceQuality "1"]
[TimeControl "5400+30"]

1. d4 Nf6 2. c4 c5 3. d5 b5 4. cxb5 a6 5. bxa6 g6 6. Nc3 Bxa6 7. e4 Bxf1 8. Kxf1 d6 9. g3 Bg7 10. Nf3 O-O 11. Kg2 Nbd7 {[%emt 0:00:07] CPLX 2.1 19 (Qd8-c8) (=19)} 12. a4 {[%emt 0:00:47] CPLX 2.1 5 (Qd1-c2) (=5). A59: Benko/Volga Gambit: White castles by hand.} Ra6 {[%emt 0:01:23] BESTDEEP} 13. Ra3 {[%emt 0:01:34] CPLX 2.2 17 (Rh1-e1) (=11) 13.Qe2 gains popularity.} Qa8 {[%emt 0:00:21] BESTDEEP} 14. Qc2 {[%emt 0:00:58] BESTDEEP. White is slightly better.} e6 {[%emt 0:25:38] CPLX 2.2} 15. dxe6 {[%emt 0:02:42] BESTDEEP} fxe6 {[%emt 0:00:21] RECAPT} 16. Re1 {[%emt 0:00:30] CPLX 2.4 0 (Nc3-b5) (=4)} d5 {[%emt 0:07:03] CPLX 2.4 34 (c5-c4) (=9)} 17. exd5 {[%emt 0:00:29] CPLX 2.8} exd5 {[%emt 0:00:03] RECAPT} 18. Nb5 $1 {[%emt 0:00:10] White is more active. DEEPSTRONG} ({Reject} 18. Re7 $6 Rc8 $14) 18... Qc6 {[%emt 0:08:49] Against Nc7. MISSDEEP-Qa8-b7 64 (Qa8-b7) (=15)} (18... Ne4 $2 19. Nc7 Qc6 20. Nxa6 Qxa6 21. a5 $18) (18... Qb7 $16) 19. Bf4 $1 $18 {[%emt 0:01:55] BESTDEEP} ({And not} 19. Re7 Ne4 $11) 19... Ne4 {[%emt 0:04:28] CPLX 2.8 6 (Rf8-e8) (=14)} 20. Nc7 $1 {[%emt 0:01:22] CPLX 3.4} Rxf4 {[%emt 0:08:46] CPLX 3.8 33 (Ra6-a7) (=16)} 21. gxf4 {[%emt 0:36:29] MISS-Nc7xa6 153 (Nc7xa6) (=18)} (21. Nxa6 $18 Rf6 22. Nxc5 $1) 21... Qxc7 $14 {[%emt 0:00:12] EASY} 22. Rxe4 {[%emt 0:00:08][%mdl 64] Decoy. EASY} dxe4 {[%emt 0:06:29] RECAPT} 23. Qc4+ {[%emt 0:00:07] [#] EASY} Kh8 $146 {[%emt 0:16:23] [#] EASY} ({Predecessor:} 23... Kf8 24. Qxa6 exf3+ 25. Rxf3 Bxb2 26. f5 g5 27. Rb3 Bd4 28. Rb7 Qf4 29. Qh6+ Bg7 30. Qe6 Qg4+ {½-½ (30) Timoscenko,G (2483)-Vaisser,A (2555) Rijeka 2011}) 24. Qxa6 {[%emt 0:02:57] MISSDEEP-Nf3-g5 80 (Nf3-g5) (=20)} (24. Ng5 $142 $1 {[%cal Rg5f7] Intending Nf7+ and mate.} Rf6 25. Nf7+ Rxf7 26. Qxf7) 24... exf3+ $16 {[%emt 0:00:49] EASY} 25. Kxf3 {[%emt 0:17:41] CPLX 3.9 81 (Ra3xf3) (=24)} ({White should try} 25. Rxf3 $16 Bxb2 26. f5) 25... Bxb2 $11 {[%emt 0:00:11] DEEPSTRONG=>BLUNDERREACT} 26. Rb3 {[%emt 0:02:24] MISS-Ra3-e3 0 (Ra3-e3) (=22)} Bd4 {[%emt 0:00:04] CPLX 4.5} 27. Rb7 {[%emt 0:05:12] Dancing on a razor blade. CPLX 5.0 0 (a4-a5) (=21)} Qc8 {[%emt 0:00:32] BESTDEEP} 28. Kg3 {[%emt 0:03:54] BESTDEEP} h5 $2 {[%emt 0:07:54][%mdl 8192] White now steadily converts the win. MISSDEEP-g6-g5 367 (g6-g5) (=29)} (28... c4 $2 29. Qb5 Nf8 30. Rb8 $18) (28... g5 $1 $11 {and Black stays safe.} 29. fxg5 c4) 29. h3 $18 {[%emt 0:03:43] And now a5 would win. BESTDEEP} h4+ $2 {[%emt 0:00:34] CPLX 4.1 228 (Bd4-c3) (=40)} (29... Bc3 {was necessary.} 30. Ra7 h4+ 31. Kxh4 Qd8+ 32. Kg3 Nf8) 30. Kg2 {[%emt 0:00:47] Black must now prevent a5. CPLX 3.9=>BLUNDERREACT} c4 {[%emt 0:01:11] Threatens to win with ...c3. CPLX 3.9 112 (Bd4-g7) (=43)} 31. Qb5 {[%emt 0:04:02] BEVAL} Nf8 {[%emt 0:05:25] BEVAL} 32. Rb8 {[%emt 0:00:56] BEVAL} Qc5 {[%emt 0:01:16] BEVAL} 33. Qxc5 {[%emt 0:00:10] BEVAL} Bxc5 {[%emt 0:00:02] BEVAL} 34. Rc8 {[%emt 0:00:11] BEVAL} Bb4 {[%emt 0:02:34] BEVAL} 35. Rxc4 {[%emt 0:01:41] BEVAL} Bd2 {[%emt 0:00:16] BEVAL} 36. Rd4 {[%emt 0:01:16] BEVAL} Bc3 {[%emt 0:01:05] BEVAL 0 (Bd2-e1) (=33)} 37. Rc4 {[%emt 0:01:40] CPLX 2.9 400 (Rd4-d5) (=28)} Bd2 {[%emt 0:00:03] EVAL} 38. Kf3 {[%emt 0:00:43] EVAL 64 (Rc4-c2) (=30). White is clearly winning.} Ne6 {[%emt 0:01:25] Prevents Rd4. CPLX 2.7} 39. Kg4 {[%emt 0:00:18] f5 is the strong threat. CPLX 2.9} Kg7 {[%emt 0:00:40] CPLX 3.0} 40. f5 {[%emt 0:00:52] EASY} Nf8 {[%emt 0:01:44] BEVAL 400 (g6xf5) (=42)} (40... gxf5+ $142 41. Kxf5 Kf7 42. Rxh4 Ng7+ 43. Ke5 Bc3+ 44. Kd5 Be1 45. Rf4+ Kg6) 41. Rc5 {[%emt 0:01:53] aiming for fxg6. BEVAL} Be1 {[%emt 0:02:14] BEVAL 400 (Kg7-f6) (=54)} 42. f4 {[%emt 0:00:54] BEVAL} Kf6 {[%emt 0:01:46] BEVAL 400 (Nf8-h7) (=64)} 43. a5 {[%emt 0:01:15][%cal Ba4a5,Ba5a6][%mdl 32] BEVAL} gxf5+ {[%emt 0:00:22] BEVAL 1 (Nf8-h7) (=63)} 44. Rxf5+ {[%emt 0:00:04] BEVAL} Kg7 {[%emt 0:00:08] BEVAL} 45. a6 {[%emt 0:00:08] BEVAL} Bf2 {[%emt 0:00:15] BEVAL} 46. Kf3 {[%emt 0:00:18] BEVAL 1 (Rf5-b5) (=23)} Bb6 {[%emt 0:00:13] BEVAL 1 (Bf2-d4) (=57)} 47. Rb5 {[%emt 0:01:06] BEVAL} Nd7 {[%emt 0:00:04] BEVAL 3 (Bb6-a7) (=56)} 48. a7 {[%emt 0:00:13] BEVAL 3 (Rb5xb6) (=22)} Bxa7 {[%emt 0:00:05] BEVAL} 49. Rb7 $1 {[%emt 0:00:01][%csl LRa7,LRd7] Weighted Error Value: White=0.33/Black=0.50} 1-0

[Event "1st Henriquez Urena Memorial 2022"]
[Site "Santo Domingo"]
[Date "2022.09.18"]
[Round "3.3"]
[White "Araujo Sanchez, Josue"]
[Black "Mesa Cruz, Juan Carlos"]
[Result "1-0"]
[ECO "A13"]
[WhiteElo "2281"]
[BlackElo "2119"]
[Annotator "TA"]
[PlyCount "71"]
[EventDate "2022.09.16"]
[EventType "swiss"]
[EventCountry "DOM"]
[SourceTitle "playchess.com"]
[Source "ChessBase"]
[SourceQuality "1"]
[TimeControl "5400+30"]

1. Nf3 d5 2. c4 e6 3. b3 c5 4. Bb2 Nc6 5. cxd5 exd5 6. e3 {[%emt 0:00:53] A13: English Opening: 1...e6.} Bg4 7. Be2 Nf6 8. O-O {[%emt 0:00:55] White has an edge.} Bd6 {[%emt 0:00:28] [#]} 9. d3 $146 ({Predecessor:} 9. d4 Bxf3 10. Bxf3 Qc7 11. dxc5 Bxh2+ 12. Kh1 Be5 13. Nc3 Qe7 14. Nxd5 Nxd5 15. Bxe5 Nxe5 16. Qxd5 Nxf3 17. Qxf3 {1-0 (39) Sankalp,G (2504)-Parnali,S (2133) Nashik 2022}) 9... Bxf3 10. Bxf3 Be5 11. d4 cxd4 12. exd4 Bd6 13. Re1+ Ne7 14. Nc3 {[%emt 0:00:27] Nxd5 is the strong threat.} a6 $2 {[%emt 0:05:00] [#]} (14... Bb4 $14) 15. Bxd5 (15. Nxd5 $1 $18 Nfxd5 16. Bxd5) 15... Nfxd5 $16 16. Nxd5 O-O 17. Nxe7+ Bxe7 18. Qf3 Qd7 19. d5 Rfd8 20. Rad1 Rac8 21. Re2 Rc5 22. h3 {[%emt 0:09:58] [#] Threatens to win with Ba3. White is more active.} ({But not} 22. Ba3 $2 Rxd5 23. Rxd5 Qxd5 24. Qxd5 Rxd5 $19) 22... Bd6 23. Qe4 Bf8 (23... Rcc8 $16) 24. Ba3 $18 Rcc8 {[%emt 0:00:29] Strongly threatening ...Re8.} 25. Bxf8 $40 {[%emt 0:00:14][%mdl 128] White goes for the king.} Rxf8 26. Qf4 Rfe8 27. Rxe8+ Rxe8 {[%emt 0:00:04][%mdl 4096] Endgame KQR-KQR} 28. h4 h6 29. Kh2 Re2 30. a4 Rc2 31. Rd3 Rc5 32. d6 Rh5 $2 (32... Rc8 33. Rd5 Rd8) 33. Kg1 (33. Qe4 $142) 33... Rf5 $2 (33... Rc5 34. Qe4 Rc8) 34. Qe4 {[%emt 0:01:20] aiming for Qe7. White is clearly winning.} Rf6 35. Qe7 Qc6 36. Qc7 {[%emt 0:01:54] Weighted Error Value: White=0.19 (very precise) /Black=0.33} 1-0